 Dungeon Crawl Stone Soup version 0.31.0-12-g77e489cdc1 (webtiles) character file.

Game seed: 6300545014421597926

78210 chippings the Hermetic (level 15, -1/121 (124) HPs)
             Began as a Green Draconian Alchemist on Mar 6, 2024.
             Was an Initiate of Gozag.
             Slain by a skeletal warrior
             ... wielding a +0 glaive
              (11 damage)
             ... on level 14 of the Dungeon.
             The game lasted 01:00:07 (21022 turns).

chippings the Hermetic (Green Draconian Alchemist) Turns: 21022, Time: 01:00:09

HP:   -1/121 (124)  AC: 20    Str: 10      XL:     15   Next: 17%
MP:   14/31         EV: 15    Int: 21 (22) God:    Gozag
Gold: 4388          SH:  0    Dex: 12 (13) Spells: 16/38 levels left

rFire   + . .        D - +6 quarterstaff "Xyraytatse" {heavy, rC+ SInv}
rCold   . . .        (shield currently unavailable)
rNeg    . . .        (body armour unavailable)
rPois   +            (helmet restricted)
rElec   .            u - +2 cloak {rCorr}
rCorr   +            J - +2 pair of gloves {Stlth+}
SInv    +            C - +0 pair of boots
Will    +....        F - amulet of the acrobat
Stlth   +++++        j - +4 ring of protection
HPRegen 0.40/turn    N - ring of fire
MPRegen 0.22/turn

%: acrobat
@: studying Evocations, lightly drained
A: breathe noxious fumes, AC +9, unfitting armour, stinger 1, poison resistance,
cold-blooded, antennae 1, claws 1, talons 1, deterioration 1
a: Breathe Noxious Fumes, Renounce Religion, Potion Petition, Call Merchant,
Bribe Branch


You were on level 14 of the Dungeon.
You worshipped Gozag.
Gozag was most pleased with you.
You visited 4 branches of the dungeon, and saw 21 of its levels.
You also visited: Bailey.

You collected 5814 gold pieces.
You spent 1360 gold pieces at shops.
You paid 66 gold pieces to Gozag.

Inventory:

Hand Weapons
 D - the +6 quarterstaff "Xyraytatse" (weapon) {heavy, rC+ SInv}
   (You found it on level 7 of the Dungeon)

   rC+:       It protects you from cold.
   SInv:      It lets you see invisible.
Missiles
 A - 2 throwing nets
Armour
 u - a +2 cloak of preservation (worn)
 C - a +0 pair of boots (worn)
 E - an orb of energy
 G - a scarf of repulsion
 J - a +2 pair of gloves of stealth (worn)
 M - a scarf of invisibility
Magical Staves
 y - a staff of alchemy
Jewellery
 i - a ring of flight
 j - a +4 ring of protection (left hand)
 B - a ring of magical power
 F - an amulet of the acrobat (around neck)
 N - a ring of fire (right hand)
 O - a ring of positive energy
 Q - a ring of willpower
 U - a ring of protection from fire
Wands
 k - a wand of flame (41)
 p - a wand of charming (11)
 S - a wand of roots (12)
 W - a wand of quicksilver (4)
 Y - a wand of mindburst (10)
Scrolls
 b - a scroll of brand weapon
 c - a scroll of amnesia
 g - 2 scrolls of immolation
 m - 3 scrolls of fog
 n - 2 scrolls of acquirement
 q - 10 scrolls of teleportation
 s - 3 scrolls of blinking
 x - a scroll of vulnerability
 R - 2 scrolls of fear
 V - 3 scrolls of noise {unknown}
 Z - 2 scrolls of identify
Potions
 a - 2 potions of magic
 d - 2 potions of enlightenment
 e - 6 potions of curing
 h - 3 potions of resistance {unknown}
 l - 3 potions of haste
 o - 5 potions of heal wounds
 t - 2 potions of mutation
 v - 3 potions of cancellation
 w - 3 potions of brilliance
 z - a potion of ambrosia
 H - a potion of invisibility
 I - a potion of might
 L - 2 potions of lignification {unknown}
 T - a potion of attraction {unknown}
 X - a potion of berserk rage {unknown}
Miscellaneous
 f - a condenser vane
 P - a lightning rod (4/4)


   Skills:
 + Level 9.1 Fighting
 - Level 2.0 Short Blades
 + Level 8.9 Staves
 - Level 8.0 Dodging
 - Level 8.0 Stealth
 - Level 12.0 Spellcasting
 - Level 2.2 Conjurations
 - Level 8.0 Fire Magic
 + Level 15.8 Alchemy
 + Level 10.3 Evocations


You had 16 spell levels left.
You knew the following spells:

 Your Spells              Type           Power      Damage    Failure   Level
a - Sting                 Conj/Alch      100%       1d9       1%          1
b - Mercury Vapours       Alch/Air       90%        N/A       1%          2
c - Olgreb's Toxic Radia  Alch           68%        N/A       1%          4
d - Sticky Flame          Fire/Alch      76%        2d12      1%          4
e - Eringya's Noxious Bo  Alch           34%        4d6       1%          6
f - Alistair's Intoxicat  Alch           45%        N/A       1%          5

Your spell library contained the following spells:

 Spells                   Type           Power      Damage    Failure   Level
 Mephitic Cloud           Conj/Alch/Air  37%        N/A       1%          3
 Static Discharge         Conj/Air       34%        3-5/arc   4%          2
 Freeze                   Ice            48%        1d6       5%          1
 Hailstorm                Conj/Ice       17%        3d6       10%         3
 Frozen Ramparts          Ice            24%        1d4       16%         3
 Tukima's Dance           Hex            12%        N/A       16%         3
 Iskenderun's Mystic Bla  Conj/Tloc      17%        2d5       32%         4
 Airstrike                Air            6%         2d(1-17)  45%         4
 Anguish                  Hex/Necr       6%         N/A       45%         4
 Cause Fear               Hex            6%         N/A       45%         4
 Dimensional Bullseye     Hex/Tloc       6%         N/A       45%         4
 Summon Lightning Spire   Summ/Air       12%        N/A       45%         4
 Borgnjor's Vile Clutch   Necr/Erth      6%         N/A       82%         5
 Death Channel            Necr           6%         N/A       100%        6
 Enfeeble                 Hex            6%         N/A       100%        7
 Animate Dead             Necr           Unusable   N/A       N/A         4

Dungeon Overview and Level Annotations

Branches:
Dungeon (14/15)            Temple (1/1) D:4            Lair (5/5) D:9
 Shoals (0/4) Lair:2       Spider (1/4) Lair:3        Slime (0/5) Lair:4
    Orc (0/2) D:11         Vaults (0/5) D:13         Bailey (visited)

Altars:
Ashenzari
Cheibriados
Dithmenos
Elyvilon
Fedhas
Gozag
Hepliaklqana
Kikubaaqudgha
Makhleb
Nemelex Xobeh
Okawaru
Qazlal
Ru
Sif Muna
Trog
Uskayaw
Vehumet
Wu Jian
Xom
Yredelemnul
Zin
The Shining One
Jiyva

Shops:
D:12 :


Innate Abilities, Weirdness & Mutations

You can breathe blasts of noxious fumes.
Your lurid green scales are hard. (AC +9)
You cannot fit into any form of body armour.
Your tail ends in a venomous barb.
Your system is resistant to poisons. (rPois)
You are cold-blooded and may be slowed by cold attacks.
You have a pair of small antennae on your head.
You have sharp fingernails.
You have sharp toenails.
Your body sometimes deteriorates upon taking damage.


Message History

The skeletal warrior burns!
The skeletal warrior hits you from afar with a +0 glaive!
The skeletal warrior hits you but does no damage.
Unknown command.
You hit the skeletal warrior but do no damage.
You tail-slap the skeletal warrior, but do no damage.
The skeletal warrior is heavily damaged.
The skeletal warrior hits you from afar with a +0 glaive!
The skeletal warrior hits you with a +0 short sword.
Unknown command.
You barely miss the skeletal warrior.
The skeletal warrior is heavily damaged.
The skeletal warrior burns!
Unknown command.
You barely miss the skeletal warrior.
You tail-slap the skeletal warrior, but do no damage.
The skeletal warrior is heavily damaged.
The skeletal warrior burns!
The skeletal warrior hits you from afar with a +0 glaive.
The skeletal warrior closely misses you.
Unknown command.
You hit the skeletal warrior but do no damage.
You tail-slap the skeletal warrior, but do no damage.
The skeletal warrior is severely damaged.
The skeletal warrior burns!
The skeletal warrior barely misses you.
The skeletal warrior hits you with a +0 short sword!
* * * LOW HITPOINT WARNING * * *
Unknown command.
D - the +6 quarterstaff "Xyraytatse" (weapon)
{heavy, rC+ SInv} Unknown command.
Unknown command.
You barely miss the skeletal warrior.
The skeletal warrior is severely damaged.
The skeletal warrior burns!
The skeletal warrior hits you with a +0 short sword!
* * * LOW HITPOINT WARNING * * *
Your body deteriorates!
You feel dopey.
The skeletal warrior hits you from afar with a +0 glaive!
You die...
Your body crumbles into a pile of gold.

#.# #.#
#.# #.#
#.# #.#
#.# ##.#
#@.#
.....zz$.#
########.#
..# ###


You could see 2 skeletal warriors.

Vanquished Creatures
  Rupert (D:13)
  Nessos (Lair:5)
  Snorg (Lair:4)
  3 hydras
  3 vault guards (D:13)
  Erolcha (D:13)
  An alligator (Lair:5)
  2 jorogumos (Spider:1)
  Erica (D:10)
  4 centaur warriors
  A catoblepas (Lair:5)
  4 boulder beetles
  3 two-headed ogres
  A death knight (D:14)
  The ghost of PaiMei the Purveyor of Pain, a novice DsNe of Kikubaaqudgha (D:8)
  10 death yaks
  A demonic crawler (Spider:1)
  2 skysharks (Lair:5)
  3 skeletal warriors (D:14)
  2 goliath frogs (Lair:5)
  A pharaoh ant (Spider:1)
  An orb spider (Lair:3)
  An arcanist (D:13)
  A necromancer (D:13)
  A phantasmal warrior (D:14)
  A deep elf pyromancer (D:12)
  An orc knight (D:10)
  3 ugly things
  A cyclops (D:10)
  2 manticores (D:12)
  A meliai (shapeshifter) (D:14)
  12 elephants
  4 black mambas
  A torpor snail (Lair:3)
  21 cane toads
  A gargoyle (Bailey)
  An unseen horror (D:12)
  A freezing wraith (D:14)
  9 komodo dragons
  A yaktaur (D:13)
  3 kobold demonologists
  Jeremiah (D:7)
  Psyche (D:8)
  2 efreet
  A troll (D:12)
  2 tyrant leeches (Lair:5)
  2 polar bears (Lair:4)
  18 blink frogs
  A culicivora (Spider:1)
  A water elemental (D:13)
  4 wraiths
  A jumping spider (Spider:1)
  4 slime creatures (D:13)
  42 yaks
  A centaur simulacrum (D:13)
  3 shadows
  3 vampires
  Eustachio (D:6)
  3 basilisks
  3 wyverns
  18 humans (D:13)
  2 steam dragons (D:7)
  3 redbacks (Spider:1)
  12 vampire mosquitoes
  Menkaure (D:6)
  2 acid dragons
  16 water moccasins
  Duvessa (D:6)
  5 orc warriors
  7 ice beasts
  3 black bears
  2 laughing skulls (D:13)
  4 centaurs
  A wolf (D:13)
  2 phantoms (D:4)
  3 kobold brigands
  14 bullfrogs
  4 scorpions
  10 wights
  Dowan (D:6)
  22 killer bees
  9 vampire bats (Bailey)
  4 howler monkeys
  5 wolf zombies (Bailey)
  A jelly (D:8)
  2 bombardier beetles
  2 hounds
  An orc priest (D:10)
  Crazy Yiuf (D:5)
  2 gnoll boudas
  6 iguanas
  7 orc wizards
  26 hell rats
  11 gnolls
  10 adders
  7 river rats (Lair:1)
  2 shadow imps
  A white imp (D:13)
  3 ufetubi
  5 dart slugs
  2 ribbon worms (D:3)
  18 orcs
  8 ball pythons
  13 endoplasms
  A giant cockroach (D:2)
  11 goblins
  3 hobgoblins
  9 kobolds
  2 quokkas (D:2)
  6 bats
  6 frilled lizards
  21 orc zombies (Bailey)
  22 rats
568 creatures vanquished.

Vanquished Creatures (collateral kills)
  An adder (D:4)
1 creature vanquished.

Vanquished Creatures (others)
  A human (D:13)
1 creature vanquished.

Grand Total: 570 creatures vanquished

Notes
Turn   | Place    | Note
-------+----------+-------------------------------------------
     0 | D:1      | chippings the Draconian Alchemist began the quest for the
                  | Orb.
     0 | D:1      | Reached XP level 1. HP: 14/14 MP: 3/3
   392 | D:1      | Reached XP level 2. HP: 20/20 MP: 3/5
   883 | D:1      | Learned a level 2 spell: Mercury Vapours
   996 | D:2      | Reached XP level 3. HP: 26/26 MP: 1/6
  1493 | D:2      | Reached XP level 4. HP: 33/33 MP: 5/8
  1498 | D:2      | Learned a level 4 spell: Olgreb's Toxic Radiance
  2164 | D:3      | Found a faded altar of an unknown god.
  2475 | D:4      | Reached skill level 4 in Alchemy
  2475 | D:4      | Reached XP level 5. HP: 39/39 MP: 5/9
  2521 | D:4      | Reached skill level 1 in Fighting
  2521 | D:4      | Reached skill level 1 in Short Blades
  2731 | D:4      | Noticed a phantom
  2783 | D:4      | Noticed a phantom
  2850 | D:4      | Found a staircase to the Ecumenical Temple.
  2856 | Temple   | Entered the Ecumenical Temple
  2885 | Temple   | Became a worshipper of Gozag Ym Sagoz the Greedy
  2956 | D:4      | Noticed an ice beast
  2966 | D:4      | Gained mutation: You have sharp toenails. [potion of
                  | mutation]
  2966 | D:4      | Gained mutation: Your body sometimes deteriorates upon
                  | taking damage. [potion of mutation]
  2966 | D:4      | Gained mutation: You have sharp fingernails. [potion of
                  | mutation]
  2966 | D:4      | Gained mutation: You have a pair of small antennae on your
                  | head. [potion of mutation]
  2984 | D:4      | Killed a phantom
  2985 | D:4      | Reached XP level 6. HP: 31/48 MP: 6/11
  3018 | D:4      | Killed an ice beast
  3482 | D:4      | Reached skill level 5 in Alchemy
  3545 | D:4      | Learned a level 4 spell: Sticky Flame
  3713 | D:5      | Entered Level 5 of the Dungeon
  3725 | D:5      | Your scales start taking on a lurid green colour.
  3725 | D:5      | Reached skill level 6 in Alchemy
  3725 | D:5      | Reached XP level 7. HP: 54/55 MP: 6/13
  3725 | D:5      | Gained mutation: Your system is resistant to poisons.
                  | (rPois) [Green Draconian growth]
  3785 | D:5      | Found a runed translucent door.
  3786 | D:5      | Noticed Crazy Yiuf
  3839 | D:5      | Reached skill level 1 in Fire Magic
  3904 | D:5      | Found a broken altar of Ashenzari.
  4119 | D:5      | Identified the +1 spear "Miyhot" {drain, Str+2 Int+3 SInv}
  4164 | D:5      | Found an ancient bone altar of Kikubaaqudgha.
  4164 | D:5      | Found a glowing golden altar of the Shining One.
  4249 | D:5      | Reached skill level 5 in Spellcasting
  4249 | D:5      | Reached skill level 7 in Alchemy
  4315 | D:5      | Reached XP level 8. HP: 46/61 MP: 5/15
  4667 | D:5      | Killed Crazy Yiuf
  4789 | D:6      | Noticed Menkaure
  4792 | D:6      | Killed Menkaure
  4877 | D:6      | Noticed Duvessa
  4877 | D:6      | Noticed Dowan
  4885 | D:6      | Killed Duvessa
  4886 | D:6      | Reached skill level 8 in Alchemy
  4889 | D:6      | Killed Dowan
  5007 | D:6      | Noticed Eustachio
  5028 | D:6      | Killed Eustachio
  5029 | D:6      | Reached skill level 1 in Staves
  5029 | D:6      | Reached skill level 1 in Evocations
  5544 | D:7      | Reached XP level 9. HP: 68/68 MP: 13/18
  5883 | D:7      | Identified the +6 quarterstaff "Xyraytatse" {heavy, rC+
                  | SInv}
  6183 | D:7      | Reached skill level 5 in Fire Magic
  6195 | D:7      | Found a white marble altar of Elyvilon.
  6257 | D:7      | Noticed Jeremiah
  6270 | D:7      | Killed Jeremiah
  6271 | D:7      | Reached skill level 9 in Alchemy
  6846 | D:8      | Learned a level 6 spell: Eringya's Noxious Bog
  6951 | D:8      | Reached XP level 10. HP: 74/78 MP: 1/20
  6989 | D:8      | Found a runed translucent gate.
  6989 | D:8      | Found a runed translucent gate.
  6989 | D:8      | Found a runed translucent gate.
  6989 | D:8      | Found an opulent altar of Gozag.
  6990 | D:8      | Noticed PaiMei's ghost (novice DsNe)
  6990 | D:8      | Noticed a centaur warrior
  6996 | D:8      | Noticed Psyche
  7002 | D:8      | Killed Psyche
  7073 | D:8      | Found a flagged portal.
  7082 | Bailey   | Entered a bailey
  7704 | Bailey   | Noticed a gargoyle
  7710 | Bailey   | Killed a gargoyle
  7919 | Bailey   | Identified the +8 chain mail of Cheibriados's Favour
                  | {Regen+}
  7922 | Bailey   | Identified the +1 robe of the Barber Surgeon {Regen+ Str+3
                  | Dex+2}
  8500 | D:9      | Identified the +6 morningstar "Alaym" {holy, rF+ Str+4}
  8534 | D:9      | Reached skill level 10 in Alchemy
  8582 | D:9      | Found a stormy altar of Qazlal.
  8675 | D:9      | Reached skill level 5 in Staves
  8713 | D:9      | Reached XP level 11. HP: 57/84 MP: 2/22
  8925 | D:9      | Learned a level 5 spell: Alistair's Intoxication
  8956 | D:9      | Found a staircase to the Lair.
  8983 | D:9      | Found a blossoming altar of Fedhas.
  8984 | D:9      | Found an iron altar of Okawaru.
  8995 | D:9      | Found a shadowy altar of Dithmenos.
  8996 | D:9      | Found an ornate altar of the Wu Jian Council.
  8997 | D:9      | Found a sacrificial altar of Ru.
  9151 | Lair:1   | Entered Level 1 of the Lair of Beasts
  9666 | Lair:1   | Reached skill level 11 in Alchemy
  9975 | Lair:1   | Reached skill level 5 in Evocations
 10322 | Lair:2   | Noticed a boulder beetle
 10331 | Lair:2   | Killed a boulder beetle
 10407 | Lair:2   | Noticed a death yak
 10408 | Lair:2   | Noticed a death yak
 10408 | Lair:2   | Noticed a death yak
 10411 | Lair:2   | Noticed a death yak
 10412 | Lair:2   | Noticed a death yak
 10415 | Lair:2   | Killed a death yak
 10415 | Lair:2   | Killed a death yak
 10416 | Lair:2   | Reached skill level 12 in Alchemy
 10419 | Lair:2   | Killed a death yak
 10422 | Lair:2   | Reached XP level 12. HP: 71/91 MP: 4/25
 10422 | Lair:2   | Killed a death yak
 10423 | Lair:2   | Killed a death yak
 10516 | Lair:2   | Noticed a seven-headed hydra
 10526 | Lair:2   | Killed a seven-headed hydra
 10831 | Lair:2   | Found a staircase to the Shoals.
 11247 | Lair:3   | Reached skill level 10 in Spellcasting
 11252 | Lair:3   | Identified 2 scrolls of acquirement
 11316 | Lair:3   | Reached skill level 13 in Alchemy
 11540 | Lair:3   | Found a hole to the Spider Nest.
 12341 | Lair:4   | Reached skill level 5 in Fighting
 12555 | Lair:4   | Noticed Snorg
 12566 | Lair:4   | Killed Snorg
 12631 | Lair:4   | Noticed a seven-headed hydra
 12636 | Lair:4   | Reached skill level 5 in Stealth
 12643 | Lair:4   | Reached XP level 13. HP: 93/100 MP: 15/27
 13060 | Lair:4   | Reached skill level 5 in Dodging
 13317 | Lair:4   | Found a viscous altar of Jiyva.
 13317 | Lair:4   | Found a staircase to the Slime Pits.
 13473 | Lair:5   | Entered Level 5 of the Lair of Beasts
 13828 | Lair:5   | Reached skill level 14 in Alchemy
 13830 | Lair:5   | Noticed Nessos
 14182 | Lair:5   | Killed Nessos
 14751 | Lair:5   | Gained mutation: Your tail ends in a venomous barb. [Green
                  | Draconian growth]
 14751 | Lair:5   | Reached XP level 14. HP: 113/113 MP: 22/29
 15035 | Lair:5   | Identified the +5 long sword "Arrudear" {heavy, Str+3 Int+2
                  | Dex+7}
 15328 | Spider:1 | Entered Level 1 of the Spider Nest
 15375 | Spider:1 | Paralysed by a jorogumo for 1 turns
 15624 | Spider:1 | Paralysed by a jorogumo for 1 turns
 15752 | D:10     | Entered Level 10 of the Dungeon
 15841 | D:8      | Killed PaiMei's ghost
 16040 | D:10     | Found a hide-covered altar of Uskayaw.
 16410 | D:10     | Noticed Erica
 16422 | D:10     | Killed Erica
 16813 | D:10     | Found a shimmering altar of Xom.
 17382 | D:11     | Found a staircase to the Orcish Mines.
 17475 | D:11     | Reached skill level 15 in Alchemy
 18173 | D:12     | Found Seckeoqi's Vocational Training.
 18181 | D:12     | Bought a manual of Evocations for 1360 gold pieces
 19745 | D:13     | Found a gate to the Vaults.
 19809 | D:13     | Noticed Rupert
 19810 | D:13     | Noticed Erolcha
 19831 | D:13     | Killed Rupert
 19837 | D:13     | Killed Erolcha
 19838 | D:13     | Reached XP level 15. HP: 44/123 MP: 15/31
 20696 | D:14     | Reached skill level 10 in Evocations
 21022 | D:14     | Slain by a skeletal warrior

Illustrated notes

Levels and vault maps discovered:
D:1:      dpeg_arrival_subterranean_lakeside_camping, layout_basic
D:2:      layout_basic, serial_bayou, serial_bayou_ford_a, serial_bayou_pond_b,
          serial_bayou_lake_a, serial_bayou_pond_c, kennysheep_generic_room_12
D:3:      layout_loops_cross, shapermc_ecumenical_altar_starsandcircs
D:4:      layout_basic, minmay_temple_entry_hall,
          nicolae_kite_square_tiling_tiny, minmay_bent
D:5:      corexii_shack_village, layout_basic, nicolae_overflow_hidden_temple,
          gammafunk_temple_overflow_elements, uniq_crazy_yiuf_cottage
D:6:      layout_rooms, uniq_menkaure, uniq_eustachio, uniq_duvessa
D:7:      layout_basic, mainiacjoe_overflow_catwalk, uniq_jeremiah
D:8:      layout_loops_ring, ebering_ghost_gozag, enter_bailey_2, uniq_psyche
D:9:      layout_rooms, nicolae_qazlal_eye_of_the_storm,
          grunt_temple_overflow_open, grunt_lair_entry_orc_guard_hut,
          minmay_hedge_maze
D:10:     layout_loops_corners, hangedman_feature_mirror, uniq_erica
D:11:     layout_basic, orc_0_dummy, minmay_misc_feat_room
D:12:     layout_gridville, nicolae_shop_vocational
D:13:     layout_roguey, grunt_vaults_entry_tiered, serial_ice, serial_ice_a,
          serial_ice_d, serial_ice_n, serial_ice_l, serial_ice_f, serial_ice_h,
          serial_ice_b, uniq_rupert, uniq_erolcha
D:14:     layout_basic, minmay_misc_feat_five, gauntlet_entry_generic
Temple:   nicolae_temple_godzebo
Lair:1:   layout_gridlike, kennysheep_abandoned_house
Lair:2:   layout_big_grid, shoals_dummy_entry
Lair:3:   layout_regular_city, nicolae_spider_entry_orb_guardian
Lair:4:   layout_gridlike, dpeg_slime_entry_enclosed, minivault_27,
          st_stairs_13, nicolae_quartered_pool_little, grunt_megastairs_3,
          uniq_snorg
Lair:5:   minmay_lair_end_frog_pond, layout_regular_city,
          hangedman_lair_generics_rect, infiniplex_staircase_pool, uniq_nessos
Spider:1: layout_spider_delve, nicolae_spider_some_kinda_spiderbox

Skill      XL: |  1  2  3  4  5  6  7  8  9 10 11 12 13 14 15 |
---------------+----------------------------------------------+-----
Conjurations   | 2 |  2.2
Spellcasting   | 3 4 5 6 7 9 10 11 12 | 12.0
Dodging        | 2 3 4 6 8 |  8.0
Stealth        | 2 4 5 6 8 |  8.0
Alchemy        | 4 6 7 8 9 10 12 13 14 15 | 15.8
Fighting       | 2 4 5 7 8 9 |  9.1
Short Blades   | 2 |  2.0
Fire Magic     | 3 4 5 7 8 |  8.0
Staves         | 1 3 5 6 8 |  8.9
Evocations     | 1 3 4 6 8 9 10 | 10.3

Action                     |  1- 3 |  4- 6 |  7- 9 | 10-12 | 13-15 || total
---------------------------+-------+-------+-------+-------+-------++-------
  Melee: Dagger            |    73 |   138 |    70 |       |       ||   281
         Tailslap          |     8 |    12 |    29 |    81 |    78 ||   208
         Unarmed           |     1 |       |       |       |       ||     1
         Kick              |       |    13 |    34 |       |       ||    47
         Punch             |       |     1 |       |     5 |     3 ||     9
         Staff             |       |       |    89 |   461 |   437 ||   987
         Quarterstaff      |       |       |       |       |    29 ||    29
   Cast: Sting             |    47 |     6 |     3 |       |     1 ||    57
         Mercury Vapours   |     4 |     6 |    22 |     8 |    14 ||    54
         Olgreb's Toxic Ra |       |     1 |    12 |    26 |    28 ||    67
         Sticky Flame      |       |       |    15 |    40 |    99 ||   154
         Eringya's Noxious |       |       |       |    12 |    22 ||    34
  Evoke: Wand              |       |    12 |       |     1 |       ||    13
         Lightning rod     |       |       |       |       |     4 ||     4
    Use: Potion            |       |     3 |       |     4 |     2 ||     9
         Scroll            |       |       |       |    12 |     5 ||    17
   Stab: Sleeping          |     2 |     7 |     5 |     4 |     4 ||    22
         Distracted        |       |       |       |     1 |     1 ||     2
 Armour: Skin              |    50 |    66 |   117 |   313 |   411 ||   957
  Dodge: Dodged            |    32 |    84 |    94 |   355 |   400 ||   965
